 Dungeon Crawl Stone Soup version 0.28.0-53-g5a82cb258f (webtiles) character file.

Game seed: 9558517481795924565

448 kudzoo the Ruffian (level 6, -1/50 HPs)
             Began as a Draconian Transmuter on July 15, 2022.
             Was an Initiate of Wu Jian.
             Slain by Prince Ribbit (17 damage)
             ... on level 5 of the Dungeon.
             The game lasted 00:56:34 (2235 turns).

kudzoo the Ruffian (Draconian Transmuter)           Turns: 2235, Time: 00:56:35

Health: -1/50      AC:  6    Str: 14    XL:     6   Next: 73%
Magic:  10/10      EV: 12    Int: 14    God:    Wu Jian [......]
Gold:   116        SH:  0    Dex: 11    Spells: 9/10 levels left

rFire   . . .      SeeInvis .     - Unarmed
rCold   . . .      Faith    .   (no shield)
rNeg    . . .      Spirit   .   (armour unavailable)
rPois   .          Reflect  .   (helmet currently unavailable)
rElec   .          Harm     .   (no cloak)
rCorr   .          Rampage  .   (no gloves)
Will    .....                   (boots currently unavailable)
Stlth   +.........              (no amulet)
HPRegen 0.16/turn               (no ring)
MPRegen 0.12/turn               (no ring)

@: appendages
A: horns 2, talons 2, AC +6, unfitting armour, cold-blooded
a: End Transformation, Renounce Religion


You were on level 5 of the Dungeon.
You worshipped Wu Jian.
Wu Jian was noncommittal.
You had temporarily grown beastly horns and talons.
You visited 2 branches of the dungeon, and saw 7 of its levels.
You also visited: Ossuary.

You collected 116 gold pieces.

Inventory:

Hand Weapons
 a - a +0 hunting sling
 b - a +1 vampiric dagger
 j - a +0 dagger
 k - a +2 dire flail of draining
 n - a +0 long sword of holy wrath
 p - a +1 dagger of venom
Missiles
 d - 78 stones
 l - 45 bolts
 q - 47 sling bullets
Armour
 o - a +0 pair of boots
Wands
 g - a wand of paralysis (7)
 r - a wand of iceblast (7)
Scrolls
 c - a scroll of identify
 e - a scroll of fear {unknown}
 f - a scroll of amnesia {unknown}
 m - a scroll of immolation {unknown}
 s - a scroll of enchant weapon {unknown}
Potions
 h - a potion of heal wounds
 i - 2 potions of curing


   Skills:
 + Level 2.9 Fighting
 + Level 2.1 Short Blades
 + Level 2.6 Slings
 + Level 2.6 Dodging
 + Level 1.0 Stealth
 * Level 3.8 Unarmed Combat
 + Level 2.9 Spellcasting
 * Level 2.9 Transmutations
 * Level 1.1 Poison Magic


You had 9 spell levels left.
You knew the following spells:

 Your Spells              Type           Power      Damage    Failure   Level
a - Beastly Appendage     Tmut           20%        N/A       7%          1

Your spell library contained the following spells:

 Spells                   Type           Power      Damage    Failure   Level
 Wereblood                Tmut           10%        N/A       10%         2
 Animate Skeleton         Necr           4%         N/A       22%         1
 Apportation              Tloc           4%         N/A       22%         1
 Summon Small Mammal      Summ           8%         N/A       22%         1
 Spider Form              Tmut/Pois      7%         N/A       28%         3
 Ice Form                 Ice/Tmut       6%         N/A       75%         4


Dungeon Overview and Level Annotations

Branches:
Dungeon (6/15)             Temple (1/1) D:4         Ossuary (visited)

Altars:
Ashenzari
Cheibriados
Dithmenos
Elyvilon
Fedhas
Gozag
Hepliaklqana
Kikubaaqudgha
Makhleb
Nemelex Xobeh
Okawaru
Qazlal
Ru
Sif Muna
Trog
Uskayaw
Vehumet
Wu Jian
Xom
Yredelemnul
Zin
The Shining One

Annotations:
D:4 1 runed translucent door, Crazy Yiuf, Menkaure
D:5 Prince Ribbit


Innate Abilities, Weirdness & Mutations

You have temporarily grown beastly horns and talons.
Your plain brown scales are hard. (AC +6)
You cannot fit into any form of body armour.
You are cold-blooded and may be slowed by cold attacks.


Message History

Prince Ribbit is moderately wounded.
The iguana hisses angrily.
Prince Ribbit barely misses you.
You closely miss Prince Ribbit. Your headbutt misses Prince Ribbit.
Your tail-slap misses Prince Ribbit.
Prince Ribbit is moderately wounded.
Prince Ribbit closely misses you.
The iguana hisses menacingly.
You barely miss Prince Ribbit. Your kick misses Prince Ribbit.
Your punch misses Prince Ribbit.
Prince Ribbit is moderately wounded.
Prince Ribbit croaks regally.
Prince Ribbit blinks!
You hit the iguana. You headbutt the iguana.
The iguana is heavily wounded.
The iguana bites you.
You punch the iguana!
You kill the iguana!
The Council accepts your kill.
Prince Ribbit lets out a mournful croak.
You lunge at Prince Ribbit.
You hit Prince Ribbit. You claw Prince Ribbit.
Your headbutt misses Prince Ribbit.
Prince Ribbit is heavily wounded.
Prince Ribbit hits you! Prince Ribbit closely misses you.
You barely miss Prince Ribbit. Your kick misses Prince Ribbit.
You tail-slap Prince Ribbit.
Prince Ribbit is heavily wounded.
Prince Ribbit closely misses you.
You miss Prince Ribbit. Your kick misses Prince Ribbit.
Your headbutt misses Prince Ribbit.
Prince Ribbit is heavily wounded.
Prince Ribbit hits you but does no damage. x2
You barely miss Prince Ribbit. You headbutt Prince Ribbit.
Your tail-slap misses Prince Ribbit.
Prince Ribbit is severely wounded.
Prince Ribbit hits you!
You hit Prince Ribbit.
Prince Ribbit is almost dead.
Prince Ribbit hits you!
You die...

#.............#. ...
#.............#. ...
#.............#. ....
#.............#. .....
#.............#.
.....#####.............#.
.......................#.
.......................##
........@F...............
......†....#.>.######....
...........#...# #....
...........#...# #####
...........#...#
#####......# .# ##
#......# #. ######## #.
#.


You could see Prince Ribbit.

Vanquished Creatures
  A necrophage (D:5)
  An ogre (D:4)
  A wyvern zombie (D:6)
  2 howler monkeys
  An iguana (D:5)
  An orc wizard (Temple)
  A hound skeleton (D:5)
  A gnoll (D:4)
  2 adders
  A dart slug (D:1)
  5 orcs
  5 ball pythons
  6 endoplasms
  2 giant cockroaches
  2 gnoll zombies (Ossuary)
  6 goblins
  4 hobgoblins (D:1)
  3 kobolds
  3 quokkas (D:1)
  A bat (D:1)
  4 hobgoblin zombies (Ossuary)
  An orc zombie (Ossuary)
  2 rats
56 creatures vanquished.

Vanquished Creatures (others)
  2 fungi (D:4)
2 creatures vanquished.

Grand Total: 58 creatures vanquished

Notes
Turn   | Place    | Note
-------+----------+-------------------------------------------
     0 | D:1      | kudzoo the Draconian Transmuter began the quest for the
                  | Orb.
     0 | D:1      | Reached XP level 1. HP: 16/16 MP: 3/3
   245 | D:1      | Reached XP level 2. HP: 16/23 MP: 3/5
   413 | D:1      | Reached skill level 1 in Short Blades
   574 | D:1      | Reached XP level 3. HP: 26/29 MP: 6/6
   585 | D:1      | Found a faded altar of an unknown god.
   757 | D:4      | Found a staircase to the Ecumenical Temple.
   768 | D:4      | Reached XP level 4. HP: 33/36 MP: 5/7
   775 | Temple   | Entered the Ecumenical Temple
  1141 | D:5      | Entered Level 5 of the Dungeon
  1149 | D:4      | Noticed an ogre
  1249 | D:4      | Found a sand-covered staircase.
  1259 | Ossuary  | Entered an ossuary
  1413 | D:4      | Killed an ogre
  1414 | D:4      | Reached skill level 1 in Slings
  1414 | D:4      | Reached XP level 5. HP: 39/42 MP: 8/8
  1517 | D:5      | Noticed Menkaure
  1783 | D:4      | Reached XP level 6. HP: 50/50 MP: 8/10
  1790 | D:4      | Found a large runed translucent door.
  1800 | D:4      | Found a large runed translucent door.
  1813 | D:4      | Found a stormy altar of Qazlal.
  1822 | D:4      | Found an ornate altar of the Wu Jian Council.
  1829 | D:4      | Became a worshipper of the Wu Jian Council
  1856 | D:4      | Found a runed translucent door.
  1857 | D:4      | Noticed Crazy Yiuf
  1920 | D:4      | Identified the +0 ring mail "Kiemu" {rElec Stlth+}
  2185 | D:5      | Reached skill level 1 in Stealth
  2185 | D:5      | Reached skill level 1 in Poison Magic
  2224 | D:5      | Noticed Prince Ribbit
  2235 | D:5      | Slain by Prince Ribbit

Illustrated notes

Levels and vault maps discovered:
D:1:      onia_arrival_pyramid, layout_loops_corners,
          shapermc_ecumenical_altar_venn, minmay_hedge_maze
D:2:      layout_basic, basic_altar, cheibrodos_gnoll_hut
D:3:      layout_basic, minmay_between, uniq_robin
D:4:      layout_gridville, jmf_multi_god_temple2,
          minmay_temple_entry_statues_pillars,
          lightli_ossuary_entry_decrepit_ruins, uniq_crazy_yiuf_cottage
D:5:      layout_basic, uniq_menkaure, uniq_prince_ribbit1
D:6:      layout_basic
Temple:   mainiacjoe_temple_cubbyholes

Skill      XL: |  1  2  3  4  5  6 |
---------------+-------------------+-----
Short Blades   | 1 2 |  2.1
Dodging        | 2 |  2.6
Fighting       | 2 |  2.9
Slings         | 1 2 |  2.6
Stealth        | 1 |  1.0
Poison Magic   | 1 |  1.1
Unarmed Combat | |  3.8
Spellcasting   | |  2.9
Transmutations | |  2.9

Action                   |  1- 3 |  4- 6 || total
-------------------------+-------+-------++-------
Melee: Dagger            |   104 |    34 ||   138
       Unarmed           |     5 |    51 ||    56
       Tailslap          |    17 |    14 ||    31
       Punch             |     4 |     1 ||     5
       Kick              |     4 |    19 ||    23
       Headbutt          |       |    16 ||    16
 Fire: Hunting sling     |       |    43 ||    43
 Cast: Beastly Appendage |     5 |    16 ||    21
Invok: Lunge             |       |     5 ||     5
Evoke: Wand              |       |     4 ||     4
  Use: Potion            |       |     4 ||     4
       Scroll            |       |     1 ||     1
 Stab: Sleeping          |     1 |       ||     1
Armor: Skin              |    31 |    24 ||    55
Dodge: Dodged            |    53 |    49 ||   102
